 Dungeon Crawl Stone Soup version 0.23-b1 (webtiles) character file.

Game seed: 5681734149507326748

982 unleashdesigns the Thaumaturge (level 7, -6/36 HPs)
             Began as a Deep Elf Ice Elementalist on Jan 30, 2019.
             Was a Follower of Sif Muna.
             Killed by divine providence
             ... invoked by an orc priest
              (12 damage)
             ... on level 6 of the Dungeon.
             The game lasted 00:20:04 (7020 turns).

unleashdesigns the Thaumaturge (DEIE)               Turns: 7020, Time: 00:20:04

Health: -6/36      AC:  5    Str:  5    XL:     7   Next: 96%
Magic:  15/21      EV: 13    Int: 22    God:    Sif Muna [*.....]
Gold:   200        SH:  0    Dex: 15    Spells: 16/23 levels left

rFire    . . .     SeeInvis .   w - +3 scythe
rCold    . . .     Gourm    .   (shield currently unavailable)
rNeg     . . .     Faith    +   a - +0 robe
rPois    .         Spirit   .   (no helmet)
rElec    .         Reflect  .   (no cloak)
rCorr    .         Harm     .   (no gloves)
MR       .....                  q - +2 pair of boots
Stlth    ++........             e - amulet of faith
HPRegen  0.12/turn              (no ring)
MPRegen  0.17/turn              (no ring)

@: no status effects
A: no striking features
a: Divine Energy, Renounce Religion


You were on level 6 of the Dungeon.
You worshipped Sif Muna.
Sif Muna was aware of your devotion.
You were not hungry.

You visited 2 branches of the dungeon, and saw 7 of its levels.

You collected 200 gold pieces.

Inventory:

Hand Weapons
 w - a +3 scythe (weapon)
Armour
 a - a +0 robe (worn)
 q - a +2 pair of boots (worn)
Jewellery
 e - an amulet of faith (around neck)
 v - the amulet "Kisuqus" {rF+ Regen+, unknown}
   (You found it on level 5 of the Dungeon)

   [amulet of regeneration]

   It protects you from fire.
   It increases your rate of regeneration.
 y - an uncursed amulet of guardian spirit {unknown}
Wands
 l - a wand of flame (7)
 u - a wand of acid (11)
Scrolls
 d - 6 scrolls of identify {unknown}
 f - 2 scrolls of random uselessness {unknown}
 g - a scroll of enchant armour {unknown}
 i - 2 scrolls of amnesia {unknown}
 j - 3 scrolls of teleportation {unknown}
 k - a scroll of noise {unknown}
 o - a scroll of fear {unknown}
 s - 2 scrolls of remove curse {unknown}
 t - a scroll of fog {unknown}
Potions
 b - 3 potions of heal wounds {unknown}
 h - a potion of magic {unknown}
 m - 3 potions of curing {unknown}
 n - 3 potions of brilliance {unknown}
 p - a potion of haste {unknown}
 r - a potion of ambrosia {unknown}
 x - a potion of flight {unknown}
 z - a potion of mutation {unknown}
Comestibles
 c - 7 rations


   Skills:
 - Level 2.5 Dodging
 - Level 2.4 Stealth
 + Level 8.7 Spellcasting
 + Level 2.1 Conjurations
 + Level 7.8 Ice Magic


You had 16 spell levels left.
You knew the following spells:

 Your Spells              Type           Power        Failure   Level  Hunger
a - Freeze                Ice            ####         1%          1    None
b - Throw Frost           Conj/Ice       ####..       1%          2    None
c - Summon Ice Beast      Ice/Summ       ####....     14%         4    ##.....

Your spell library contained the following spells:

 Spells                   Type           Power        Failure   Level  Hunger
 Ozocubu's Armour         Chrm/Ice       ####....     4%          3    None
 Animate Skeleton         Necr           N/A          7%          1    None
 Pain                     Necr           #...         7%          1    None
 Throw Icicle             Conj/Ice       ####....     9%          4    ##.....
 Regeneration             Chrm/Necr      #.........   21%         3    None
 Vampiric Draining        Necr           #.........   21%         3    None
 Animate Dead             Necr           N/A          56%         4    ##.....
 Iskenderun's Battlesphe  Conj/Chrm      ##......     77%         5    #####..
 Venom Bolt               Conj/Pois      ##........   77%         5    #####..
 Bolt of Magma            Conj/Fire/Erth ##........   82%         5    #####..
 Iron Shot                Conj/Erth      ##........   100%        6    ######.
 Orb of Destruction       Conj           ###.......   100%        7    #######
 Spellforged Servitor     Conj/Summ      ##........   100%        7    #######


Dungeon Overview and Level Annotations

Branches:
Dungeon (6/15)             Temple (1/1) D:4

Altars:
Ashenzari
Cheibriados
Fedhas
Gozag
Kikubaaqudgha
Makhleb
Nemelex Xobeh
Okawaru
Qazlal
Ru
Sif Muna
Trog
Uskayaw
Vehumet
Wu Jian
Xom
Yredelemnul
Zin

Annotations:
D:4 2 transporters, rumpelstilzz's ghost, amateur CeFi


Message History

The tomahawk barely misses your ice beast.
The tomahawk misses you.
You see here 2 tomahawks.
You see here an adder corpse.
Your ice beast misses the orc.
The orc barely misses you.
Your ice beast hits the orc.
Your ice beast freezes the orc!
The orc dies!
Sif Muna accepts your kill.
Things that are here:
a +0 giant club; an ogre corpse
Casting: Summon Ice Beast (safe; 14% risk of failure)
Confirm with . or Enter, or press ? or * to list all spells.
Aiming: Throw Frost (safe; 1% risk of failure)
Press: ? - help, Shift-Dir - straight line, f - orc priest
Aim: an orc priest, wielding a +0 war axe The puff of frost misses the orc priest.
The orc priest invokes the aid of Beogh against you.
Beogh smites you!
You die...

#...#.#### ..........
######### #.## #####
#.......# #.o. ....#####
#....<..# #o##
###.....###.......# #.#
#.......#.........# #o#
#.#...............######
#.#
#.......#....###@......#
#.# #...###.#....#
#...o...# #(# #.###
#...####
#..Y....#######o# #.#
#####
###...)...#....o..# #.#
#.........#.####### #.#
#####.###.......# #.#
#.....# #.......# #+###
####### #.......# ....#
#.......#


You could see an orc priest and a friendly ice beast.

Vanquished Creatures
  5 ogres
  A bullfrog (D:5)
  A scorpion (D:5)
  A crimson imp (D:5)
  A jelly (D:5)
  A bullfrog skeleton (D:5)
  Terence (D:3)
  3 gnolls
  8 adders
  A howler monkey skeleton (D:4)
  An ooze (D:5)
  An adder skeleton (D:4)
  3 worms (D:2)
  A dart slug (D:2)
  5 leopard geckos
  An orc (D:4)
  7 bats
  3 giant cockroaches
  7 goblins
  3 hobgoblins
  5 jackals
  A quokka (D:2)
  4 frilled lizards
  3 kobolds
  A leopard gecko skeleton (D:4)
  10 rats
79 creatures vanquished.

Vanquished Creatures (collateral kills)
  Sigmund (D:5)
  An orc warrior (D:6)
  An orc priest (D:6)
  An orc (D:6)
4 creatures vanquished.

Grand Total: 83 creatures vanquished

Notes
Turn   | Place    | Note
-------+----------+-------------------------------------------
     0 | D:1      | unleashdesigns the Deep Elf Ice Elementalist began the
                  | quest for the Orb.
     0 | D:1      | Reached XP level 1. HP: 10/10 MP: 6/6
   190 | D:1      | Reached XP level 2. HP: 15/15 MP: 5/8
  1180 | D:2      | Reached XP level 3. HP: 19/19 MP: 5/10
  1330 | D:1      | Learned a level 2 spell: Throw Frost
  1346 | D:1      | Reached skill level 4 in Spellcasting
  1959 | D:2      | Reached XP level 4. HP: 24/24 MP: 7/12
  2829 | D:2      | Reached skill level 5 in Spellcasting
  2832 | D:2      | Reached skill level 5 in Ice Magic
  3389 | D:3      | Noticed Terence
  3398 | D:3      | Killed Terence
  3398 | D:3      | Reached XP level 5. HP: 28/28 MP: 1/14
  3501 | D:3      | Found a sparkling altar of Nemelex Xobeh.
  3727 | D:4      | Found a staircase to the Ecumenical Temple.
  3962 | D:4      | Found a transporter.
  3962 | D:4      | Noticed rumpelstilzz's ghost (amateur CeFi)
  3996 | D:4      | Noticed an ogre
  4002 | D:4      | Killed an ogre
  4002 | D:4      | Reached skill level 6 in Spellcasting
  4132 | D:4      | Learned a level 4 spell: Summon Ice Beast
  4175 | Temple   | Entered the Ecumenical Temple
  4188 | Temple   | Became a worshipper of Sif Muna the Loreminder
  4322 | D:4      | Reached XP level 6. HP: 25/32 MP: 7/17
  4729 | D:4      | Reached skill level 7 in Spellcasting
  5388 | D:4      | Found a transporter.
  5407 | D:4      | Found an iron altar of Okawaru.
  5492 | D:5      | Entered Level 5 of the Dungeon
  5587 | D:5      | Reached XP level 7. HP: 36/36 MP: 6/19
  5749 | D:5      | Noticed Sigmund
  5761 | D:5      | Killed Sigmund
  5882 | D:5      | Reached * piety under Sif Muna
  5990 | D:5      | Got a crude bronze amulet
  6039 | D:5      | Reached skill level 8 in Spellcasting
  7020 | D:6      | Killed from afar by an orc priest

Skill      XL: |  1  2  3  4  5  6  7 |
---------------+----------------------+-----
Ice Magic      | 4 5 6 7 |  7.8
Spellcasting   | 4 5 6 7 8 |  8.7
Conjurations   | 2 |  2.1
Dodging        | |  2.5
Stealth        | |  2.4

Action                   |  1- 3 |  4- 6 |  7- 9 || total
-------------------------+-------+-------+-------++-------
Melee: Unarmed           |    27 |    18 |       ||    45
       Scythe            |       |       |    12 ||    12
 Cast: Freeze            |    38 |    76 |    12 ||   126
       Throw Frost       |    14 |    58 |    22 ||    94
       Summon Ice Beast  |       |     1 |     2 ||     3
 Stab: Sleeping          |     1 |       |       ||     1
  Eat: Chunk             |     3 |     5 |     1 ||     9
       Ration            |       |     2 |     1 ||     3
Armor: Robe              |     8 |    22 |     4 ||    34
Dodge: Dodged            |    29 |    53 |    20 ||   102
